 Dungeon Crawl Stone Soup version 0.21-a0-88-g13b9641 (webtiles) character file.

27239 Spazmo the Thaumaturge (level 13, -5/74 HPs)
             Began as a Deep Elf Conjurer on June 26, 2017.
             Was an Elder of Vehumet.
             Blown up by ultrashaft's ghost (30 damage)
             ... with a wavering orb of destruction
             ... on level 5 of the Lair of Beasts.
             The game lasted 01:21:24 (15418 turns).

Spazmo the Thaumaturge (Deep Elf Conjurer)         Turns: 15418, Time: 01:21:25

Health: -5/74      AC: 17    Str:  5    XL:     13   Next: 3%
Magic:  8/32       EV: 19    Int: 26    God:    Vehumet [****..]
Gold:   957        SH:  0    Dex: 15    Spells: 16/38 levels left

rFire    . . .     SeeInvis .   p - +4 quarterstaff (chaos)
rCold    . . .     Gourm    +   (shield currently unavailable)
rNeg     . . .     Faith    .   a - +0 robe
rPois    .         Spirit   .   g - +1 helmet
rElec    +         Reflect  .   q - +0 cloak
rCorr    .         Harm     .   o - +1 pair of gloves
MR       +....     Clarity  +   O - +0 pair of boots
Stlth    ++........             Q - amulet of the gourmand
HPRegen  0.22/turn              r - +5 ring of protection
MPRegen  0.23/turn              S - +4 ring of protection

@: no status effects
A: clarity, electricity resistance
a: Renounce Religion


You were on level 5 of the Lair of Beasts.
You worshipped Vehumet.
Vehumet was greatly pleased with you.
You were full.

You visited 3 branches of the dungeon, and saw 16 of its levels.
You also visited: Sewer.

You collected 957 gold pieces.

Inventory:

Hand Weapons
 h - a +1 dagger of freezing
 p - a +4 quarterstaff of chaos (weapon)
Missiles
 j - 436 stones (quivered)
Armour
 a - a +0 robe (worn)
 g - a +1 helmet (worn)
 o - a +1 pair of gloves (worn)
 q - a +0 cloak (worn)
 O - a +0 pair of boots (worn)
Jewellery
 i - an uncursed ring of wizardry
 r - a +5 ring of protection (left hand)
 s - an uncursed ring of protection from fire
 Q - an amulet of the gourmand (around neck)
 S - a +4 ring of protection (right hand)
Wands
 f - a wand of lightning (8/15)
 D - a wand of iceblast (14/15)
 G - a wand of paralysis (10/24)
Scrolls
 k - 2 scrolls of enchant armour
 l - 5 scrolls of remove curse
 n - 4 scrolls of identify
 t - 2 scrolls of magic mapping
 v - 6 scrolls of teleportation
 L - a scroll of immolation {unknown}
 M - a scroll of recharging
 V - 2 scrolls of blinking
 W - a scroll of enchant weapon
 X - a scroll of noise {unknown}
 Z - 3 scrolls of amnesia
Potions
 e - 7 potions of curing
 m - 6 potions of brilliance
 u - 5 potions of flight
 w - 3 potions of ambrosia
 x - 3 potions of haste
 z - a potion of magic
 A - a potion of cancellation
 C - 4 potions of heal wounds
 E - 2 potions of might
 R - a potion of agility
 T - 4 potions of mutation
Books
 b - a book of Conjurations

   Spells                             Type                      Level
   a - Magic Dart                     Conjuration                  1
   b - Searing Ray                    Conjuration                  2
   c - Dazzling Spray                 Conjuration/Hexes            3
   d - Fulminant Prism                Conjuration/Hexes            4
   e - Force Lance                    Conjuration/Translocation    4
   f - Iskenderun's Mystic Blast      Conjuration                  4
 y - a book of Necromancy

   Spells                             Type                      Level
   a - Pain                           Necromancy                   1
   b - Animate Skeleton               Necromancy                   1
   c - Vampiric Draining              Necromancy                   3
   d - Regeneration                   Charms/Necromancy            3
   e - Animate Dead                   Necromancy                   4
   f - Control Undead                 Necromancy                   4
 F - a book of Minor Magic

   Spells                             Type                      Level
   a - Magic Dart                     Conjuration                  1
   b - Blink                          Translocation                2
   c - Call Imp                       Summoning                    2
   d - Slow                           Hexes                        2
   e - Conjure Flame                  Conjuration/Fire             3
   f - Mephitic Cloud                 Conjuration/Poison/Air       3
 H - a book of Alchemy

   Spells                             Type                      Level
   a - Sublimation of Blood           Necromancy                   2
   b - Ignite Poison                  Fire/Transmutation/Poison    3
   c - Petrify                        Transmutation/Earth          4
   d - Alistair's Intoxication        Transmutation/Poison         5
   e - Irradiate                      Conjuration/Transmutation    5
 I - a book of Power

   Spells                             Type                      Level
   a - Iskenderun's Battlesphere      Conjuration/Charms           5
   b - Venom Bolt                     Conjuration/Poison           5
   c - Bolt of Magma                  Conjuration/Fire/Earth       5
   d - Iron Shot                      Conjuration/Earth            6
   e - Orb of Destruction             Conjuration                  7
   f - Spellforged Servitor           Conjuration/Summoning        7
 J - a book of Air

   Spells                             Type                      Level
   a - Shock                          Conjuration/Air              1
   b - Swiftness                      Charms/Air                   2
   c - Static Discharge               Conjuration/Air              3
   d - Airstrike                      Air                          4
   e - Lightning Bolt                 Conjuration/Air              5
 P - a book of Beasts

   Spells                             Type                      Level
   a - Summon Butterflies             Summoning                    1
   b - Call Canine Familiar           Summoning                    3
   c - Summon Ice Beast               Ice/Summoning                4
   d - Summon Mana Viper              Hexes/Summoning              5
   e - Summon Hydra                   Summoning                    7
Comestibles
 c - 12 bread rations
 d - 9 fruits
 B - 10 meat rations
 K - 7 royal jellies


   Skills:
 - Level 6.0 Fighting
 - Level 10.0 Dodging
 - Level 2.4 Stealth
 - Level 13.0 Spellcasting
 + Level 11.7 Conjurations
 + Level 10.7 Fire Magic
 - Level 10.0 Earth Magic


You had 16 spell levels left.
You knew the following spells:

 Your Spells              Type           Power        Failure   Level  Hunger
a - Magic Dart            Conj           ####         1%          1    None
b - Searing Ray           Conj           ######       1%          2    None
c - Force Lance           Conj/Tloc      #####...     1%          4    None
d - Iskenderun's Mystic   Conj           ######..     1%          4    None
e - Bolt of Magma         Conj/Fire/Erth ######....   1%          5    ###....
f - Iron Shot             Conj/Erth      ######....   1%          6    #####..


Dungeon Overview and Level Annotations

Branches:
Dungeon (10/15)            Temple (1/1) D:6            Lair (5/6) D:10
  Swamp (0/4) Lair:2        Snake (0/4) Lair:4          Orc (0/2) D:9
  Slime: Lair:5-6

Altars:
Ashenzari
Cheibriados
Dithmenos
Elyvilon
Fedhas
Gozag
Hepliaklqana
Kikubaaqudgha
Makhleb
Nemelex Xobeh
Okawaru
Qazlal
Ru
Sif Muna
Trog
Uskayaw
Vehumet
Wu Jian
Xom
Yredelemnul
Zin
The Shining One

Shops:
D:8 %

Annotations:
D:8 exclusion: ice statue
D:9 Prince Ribbit
Lair:1 mhoghedin's ghost, journeyman MfGl
Lair:5 ultrashaft's ghost, journeyman GrEE


Innate Abilities, Weirdness & Mutations

You possess an exceptional clarity of mind.
You are resistant to electric shocks. (rElec)


Message History

Aim: ultrashaft's ghost, wielding a weapon of pain (heavily damaged, fast)
The iron shot hits ultrashaft's ghost.
Ultrashaft's ghost is almost destroyed.
Ultrashaft's ghost gestures at you while chanting.
The stone arrow hits you!
You hit ultrashaft's ghost but do no damage.
Ultrashaft's ghost is almost destroyed.
Ultrashaft's ghost hits you but does no damage.
Your iron imp hits ultrashaft's ghost.
Ultrashaft's ghost misses you.
You hit ultrashaft's ghost but do no damage.
Ultrashaft's ghost is almost destroyed.
Ultrashaft's ghost casts a spell at you.
The iron shot misses you.
Your iron imp hits ultrashaft's ghost but does no damage.
Ultrashaft's ghost hits you.
You writhe in agony.
You hit ultrashaft's ghost but do no damage.
Ultrashaft's ghost is almost destroyed.
Ultrashaft's ghost conjures an orb of pure magic.
The wavering orb of destruction weakly hits you!
You die...

. .. ..P .#.# #P.# ..# #... ...##
.### ##..# .....#
....####.#.###....
#P.#.....######..#.....#.#.#...
PPP#.....#.....................
P.P....P....W@.........PPP....
.P.........#5...#.........P... #
#P....P#.##....##.....##..#.# ##
##........###...#.......####.P
.###.#..............#PP...≈≈#....
.........÷...............≈≈≈≈≈..÷
#..#..#......###.P.#P#...≈≈≈≈≈≈..
..#.###...#.##.#..####.≈≈≈≈≈≈≈≈≈.
##### ###÷..##...P###..≈≈≈≈≈≈≈≈≈.


You could see ultrashaft's ghost and a friendly iron imp.

Vanquished Creatures
  3 hydras
  A two-headed ogre (D:9)
  An oklob plant (Lair:5)
  4 black mambas
  6 elephants
  Joseph (D:10)
  11 spiny frogs
  2 rime drakes
  2 komodo dragons
  2 trolls (D:9)
  A polar bear (Lair:5)
  The ghost of Heartnet the Skirmisher, an amateur DsAK of Lugonu (D:4)
  3 blink frogs
  4 dream sheep (Lair:5)
  7 hippogriffs
  2 wyverns
  3 hogs (D:7)
  A human (D:7)
  2 basilisks
  15 yaks
  2 hungry ghosts
  3 swamp worms (Lair:2)
  Edmund (D:6)
  6 water moccasins
  9 porcupines
  Purgy (Sewer)
  11 ice beasts
  4 sky beasts
  A hornet zombie (D:10)
  4 orc warriors
  2 black bears
  8 ogres
  A phantom (D:4)
  3 centaurs
  5 wolves (Lair:5)
  5 crocodiles
  6 big kobolds
  The ghost of MatthieuS the Firebug, an amateur TeFE (D:3)
  10 bullfrogs
  2 gnoll sergeants (D:9)
  A wyvern zombie (D:8)
  3 scorpions
  3 killer bees (D:10)
  5 wights (D:10)
  2 howler monkeys
  An electric eel (Lair:2)
  4 crimson imps
  2 centaur zombies (D:10)
  2 bullfrog zombies
  A quasit (D:8)
  4 hounds
  Crazy Yiuf (D:2)
  5 orc wizards
  2 orc priests
  2 bullfrog skeletons (D:5)
  2 gnoll shamans
  2 centaur skeletons (D:10)
  2 iguanas
  Natasha (thrice) (D:2)
  7 hell rats (Lair:2)
  8 worker ants
  A spectral howler monkey (D:10)
  A hound skeleton (D:5)
  A worker ant zombie (D:6)
  Robin (D:2)
  13 gnolls
  8 adders
  4 shadow imps
  2 oozes
  An adder zombie (D:7)
  2 adder skeletons
  3 worms
  3 dart slugs
  4 leopard geckos
  28 orcs
  8 bats
  4 giant cockroaches
  4 hobgoblins
  24 jackals
  4 quokkas
  6 ball pythons
  9 frilled lizards
  21 goblins
  A jackal zombie (D:7)
  17 kobolds
  A leopard gecko zombie (D:6)
  6 rats
  2 rat zombies (D:4)
398 creatures vanquished.

Vanquished Creatures (others)
  A spiny frog (Lair:5)
  3 fungi
  2 plants
6 creatures vanquished.

Grand Total: 404 creatures vanquished

Notes
Turn   | Place    | Note
-------+----------+-------------------------------------------
     0 | D:1      | Spazmo the Deep Elf Conjurer began the quest for the Orb.
     0 | D:1      | Reached XP level 1. HP: 10/10 MP: 6/6
   150 | D:1      | Reached XP level 2. HP: 14/15 MP: 5/8
   154 | D:1      | Learned a level 2 spell: Searing Ray
   659 | D:2      | Reached XP level 3. HP: 20/20 MP: 7/10
   763 | D:2      | Reached skill level 1 in Fighting
   826 | D:2      | Reached skill level 4 in Spellcasting
   901 | D:2      | Noticed Robin
   910 | D:2      | Killed Robin
   921 | D:2      | Reached XP level 4. HP: 17/25 MP: 2/12
  1021 | D:1      | Learned a level 4 spell: Force Lance
  1026 | D:1      | Learned a level 4 spell: Iskenderun's Mystic Blast
  1095 | D:2      | Found a hide-covered altar of Uskayaw.
  1212 | D:2      | Noticed Natasha
  1220 | D:2      | Killed Natasha
  1220 | D:2      | Reached skill level 5 in Conjurations
  1229 | D:2      | Noticed Natasha
  1233 | D:2      | Killed Natasha
  1311 | D:2      | Noticed Natasha
  1314 | D:2      | Killed Natasha
  1314 | D:2      | Reached XP level 5. HP: 29/29 MP: 8/14
  1316 | D:2      | Reached skill level 5 in Spellcasting
  1462 | D:2      | Found a runed door.
  1466 | D:2      | Noticed Crazy Yiuf
  1471 | D:2      | Killed Crazy Yiuf
  1646 | D:2      | Found a bloodstained altar of Trog.
  1911 | D:3      | Found a deep blue altar of Sif Muna.
  2017 | D:3      | Noticed MatthieuS's ghost (amateur TeFE)
  2094 | D:3      | Found a blossoming altar of Fedhas.
  2172 | D:3      | Found a sparkling altar of Nemelex Xobeh.
  2272 | D:3      | Killed MatthieuS's ghost
  2272 | D:3      | Reached XP level 6. HP: 22/35 MP: 10/16
  2326 | D:3      | Found a glowing drain.
  2356 | Sewer    | Entered a sewer
  2358 | Sewer    | Gained mutation: Scrolls take you a little longer to read. [potion of mutation]
  2358 | Sewer    | Gained mutation: Your flesh is heat resistant. (rF+) [potion of mutation]
  2359 | Sewer    | Lost mutation: Scrolls take you a little longer to read. [potion of mutation]
  2359 | Sewer    | Lost mutation: Your flesh is heat resistant. (rF+) [potion of mutation]
  2359 | Sewer    | Gained mutation: Armour fits poorly on your strangely shaped body. [potion of mutation]
  2359 | Sewer    | Gained mutation: You have a somewhat thin skeletal structure. (Dex +2, Stealth) [potion of mutation]
  2359 | Sewer    | Gained mutation: You are resistant to electric shocks. (rElec) [potion of mutation]
  2374 | Sewer    | Noticed Purgy
  2381 | Sewer    | Killed Purgy
  2381 | Sewer    | Reached skill level 6 in Spellcasting
  2697 | D:4      | Reached XP level 7. HP: 17/40 MP: 2/19
  2863 | D:4      | Noticed Heartnet's ghost (amateur DsAK)
  2881 | D:4      | Killed Heartnet's ghost
  2881 | D:4      | Reached skill level 7 in Spellcasting
  3201 | D:4      | Reached skill level 5 in Dodging
  3378 | D:4      | Found an ornate altar of the Wu Jian Council.
  3378 | D:4      | Found a hazy altar of Hepliaklqana.
  3379 | D:4      | Found a shadowy altar of Dithmenos.
  3460 | D:4      | Found an ancient bone altar of Kikubaaqudgha.
  3505 | D:4      | Reached XP level 8. HP: 45/45 MP: 15/21
  3569 | D:5      | Entered Level 5 of the Dungeon
  3706 | D:5      | Reached skill level 8 in Spellcasting
  4256 | D:5      | Found a sacrificial altar of Ru.
  4448 | D:6      | Found a white marble altar of Elyvilon.
  4506 | D:6      | Learned a level 5 spell: Bolt of Magma
  4591 | D:6      | Noticed Edmund
  4605 | D:6      | Killed Edmund
  4626 | D:6      | Reached skill level 9 in Spellcasting
  4736 | D:6      | Lost mutation: Armour fits poorly on your strangely shaped body. [potion of mutation]
  4736 | D:6      | Lost mutation: You are resistant to electric shocks. (rElec) [potion of mutation]
  4736 | D:6      | Lost mutation: You have a somewhat thin skeletal structure. (Dex +2, Stealth) [potion of mutation]
  4736 | D:6      | Gained mutation: You are resistant to electric shocks. (rElec) [potion of mutation]
  4736 | D:6      | Gained mutation: You tend to lose your temper in combat. [potion of mutation]
  4736 | D:6      | Lost mutation: You tend to lose your temper in combat. [potion of mutation]
  4736 | D:6      | Gained mutation: You possess an exceptional clarity of mind. [potion of mutation]
  4794 | D:6      | Found a staircase to the Ecumenical Temple.
  4803 | Temple   | Entered the Ecumenical Temple
  4944 | D:6      | Reached skill level 1 in Fire Magic
  4960 | D:6      | Reached skill level 1 in Earth Magic
  5294 | D:6      | Reached XP level 9. HP: 32/52 MP: 19/24
  5576 | D:7      | Found a radiant altar of Vehumet.
  5592 | D:7      | Became a worshipper of Vehumet
  6136 | D:7      | Found a glowing silver altar of Zin.
  6406 | D:7      | Reached skill level 10 in Spellcasting
  6993 | D:8      | Found Lifukh's Food Emporium.
  7050 | D:8      | Reached * piety under Vehumet
  7050 | D:8      | Offered knowledge of Flame Tongue by Vehumet.
  7259 | D:8      | Noticed an ice statue
  7350 | D:9      | Reached XP level 10. HP: 50/58 MP: 6/26
  7729 | D:9      | Noticed a two-headed ogre
  7800 | D:9      | Killed a two-headed ogre
  7800 | D:9      | Reached skill level 11 in Spellcasting
  8074 | D:9      | Reached skill level 10 in Conjurations
  8098 | D:9      | Reached ** piety under Vehumet
  8107 | D:9      | Offered knowledge of Throw Frost by Vehumet.
  8242 | D:9      | Found a staircase to the Orcish Mines.
  8315 | D:9      | Found a shattered altar of Ashenzari.
  8341 | D:9      | Noticed Prince Ribbit
  8411 | D:9      | Reached skill level 5 in Fighting
  8557 | D:9      | Reached skill level 5 in Fire Magic
  8587 | D:10     | Entered Level 10 of the Dungeon
  8848 | D:10     | Offered knowledge of Inner Flame by Vehumet.
  8864 | D:10     | Noticed Joseph
  8880 | D:10     | Killed Joseph
  8880 | D:10     | Reached skill level 12 in Spellcasting
  8880 | D:10     | Reached skill level 5 in Earth Magic
  8988 | D:10     | Found a staircase to the Lair.
  9013 | D:10     | Reached XP level 11. HP: 45/63 MP: 21/29
  9542 | D:10     | Reached *** piety under Vehumet
  9872 | Lair:1   | Entered Level 1 of the Lair of Beasts
 10431 | Lair:1   | Noticed mhoghedin's ghost (journeyman MfGl)
 11041 | Lair:2   | Learned a level 6 spell: Iron Shot
 11995 | Lair:2   | Found a staircase to the Swamp.
 12058 | Lair:2   | Noticed a four-headed hydra
 12066 | Lair:2   | Killed a four-headed hydra
 12168 | Lair:2   | Noticed a six-headed hydra
 12176 | Lair:2   | Killed a six-headed hydra
 12246 | Lair:2   | Offered knowledge of Ignite Poison by Vehumet.
 12478 | Lair:3   | Reached XP level 12. HP: 68/68 MP: 19/30
 13437 | Lair:3   | Reached skill level 10 in Earth Magic
 13561 | Lair:4   | Reached skill level 10 in Fire Magic
 13815 | Lair:4   | Reached skill level 13 in Spellcasting
 13901 | Lair:4   | Found a frozen archway.
 13921 | Lair:4   | Reached **** piety under Vehumet
 14214 | Lair:4   | Noticed a five-headed hydra
 14230 | Lair:4   | Killed a five-headed hydra
 14230 | Lair:4   | Reached skill level 10 in Dodging
 14398 | Lair:4   | Offered knowledge of Lee's Rapid Deconstruction by Vehumet.
 14436 | Lair:4   | Found a staircase to the Snake Pit.
 15251 | Lair:5   | Reached XP level 13. HP: 66/74 MP: 21/32
 15397 | Lair:5   | Noticed ultrashaft's ghost (journeyman GrEE)
 15418 | Lair:5   | Blown up by ultrashaft's ghost

Vault maps used:
D:1:      lightli_arrival_isolated_outpost
D:2:      lemuel_round_altar, lemuel_doored_altar, first_bread, uniq_robin,
          uniq_crazy_yiuf_cottage, uniq_natasha
D:3:      fedhas_altar_1, lemuel_blue_sif_altar, cheibrodos_sewer_entry_bend,
          kennysheep_crisscross, nemelex_dance_club_becter
D:4:      lemuel_zombie_altar_kikubaaqudgha, gammafunk_temple_overflow_forgotten
D:5:      kennysheep_mini
D:6:      minmay_temple_entry_grid, basic_altar, uniq_edmund
D:7:      lemuel_crystal_altar, vehumet_altar_wand_db, grunt_livestock
D:8:      lemuel_ice_statue, serial_shops,
          nicolae_shop_temple_entry_statues_fountains
D:9:      evilmike_ruin_ashenzari, kennysheep_orc_monster_closet_entryway,
          uniq_prince_ribbit1
D:10:     david_lair_generic, hangedman_weighted_door, uniq_joseph
Temple:   eino_temple_lava
Lair:1:   uniq_grum
Lair:2:   nicolae_swamp_entry_splash_gauntlet
Lair:3:   st_stairs_3, guppyfry_lair_drakes
Lair:4:   dummy_snake_entry, portal_ice_cave_entry_ice_beasts,
          columned_hall_lemuel, beast_lair_carwin_9, lemuel_fruit_fields,
          serial_bayou_shore_b
Lair:5:   infiniplex_staircase_pool_2
Sewer:    sewer_co_purgy_island

Skill      XL: |  1  2  3  4  5  6  7  8  9 10 11 12 |
---------------+-------------------------------------+-----
Fighting       | 1 2 3 4 5 6 |  6.0
Dodging        | 3 4 5 6 7 8 10 | 10.0
Spellcasting   | 4 5 6 7 9 10 12 13 | 13.0
Conjurations   | 5 6 7 8 9 10 11 | 11.7
Fire Magic     | 2 3 5 9 10 | 10.7
Earth Magic    | 1 3 5 9 10 | 10.0
Stealth        | |  2.4

Action                   |  1- 3 |  4- 6 |  7- 9 | 10-12 | 13-15 || total
-------------------------+-------+-------+-------+-------+-------++-------
Melee: Unarmed           |     6 |       |       |       |       ||     6
       Dagger            |     6 |     2 |       |       |       ||     8
       Quarterstaff      |       |     8 |    19 |    70 |    15 ||   112
Throw: Stone             |       |       |       |     3 |       ||     3
 Cast: Magic Dart        |    72 |    99 |   168 |   194 |       ||   533
       Searing Ray       |     1 |    11 |    65 |   128 |     1 ||   206
       Force Lance       |       |       |       |    39 |       ||    39
       Iskenderun's Myst |       |       |       |     6 |       ||     6
       Iron Shot         |       |       |       |    30 |     5 ||    35
       Bolt of Magma     |       |       |       |    20 |     1 ||    21
  Use: Scroll            |     3 |     5 |     7 |     8 |       ||    23
       Potion            |       |     3 |     5 |     1 |       ||     9
 Stab: Paralysed         |       |       |       |     4 |       ||     4
  Eat: Chunk             |       |     4 |    13 |    40 |     3 ||    60
       Fruit             |       |     1 |     2 |       |       ||     3
Armor: Robe              |     6 |    17 |    55 |    97 |     6 ||   181
Dodge: Dodged            |    21 |    28 |   102 |   254 |     8 ||   413
